 Dungeon Crawl Stone Soup version 0.22-a0-252-gcace5d2 (webtiles) character file.

27 4thArraOfDagon the Ducker (level 2, 1/21 HPs)
             Began as a Felid Chaos Knight on Mar 2, 2018.
             Quit the game on level 2 of the Dungeon.
             The game lasted 00:02:01 (358 turns).

4thArraOfDagon the Ducker (Felid Chaos Knight)       Turns: 358, Time: 00:02:02

Health: 1/21       AC:  1    Str: 13    XL:     2   Next: 93%
Magic:  3/3        EV: 19    Int: 13    God:    Xom [....*.]
Gold:   109        SH:  0    Dex: 15    Spells: 1/1 levels left
                                        Lives:  0   Deaths: 0

rFire    . . .     SeeInvis +     - Unarmed
rCold    . . .     Gourm    .   (shield unavailable)
rNeg     . . .     Faith    .   (armour unavailable)
rPois    .         Spirit   .   (helmet unavailable)
rElec    .         Reflect  .   (cloak unavailable)
rCorr    .         Harm     .   (gloves unavailable)
MR       .....                  (boots unavailable)
Stlth    ..........             (no amulet)
HPRegen  0.07/turn              (no ring)
MPRegen  0.08/turn              (no ring)

@: berserking, lethally poisoned (1 -> -3), very quick
A: very small, no armour, no weapons or thrown items, stealth, claws 1, fangs 3,
see invisible, carnivore, speed 1, shaggy fur 1, slow metabolism 1, sharp paws
a: Renounce Religion


You were on level 2 of the Dungeon.
You worshipped Xom.
You were a beloved toy of Xom.
You were very full.

You visited 1 branch of the dungeon, and saw 2 of its levels.

You collected 109 gold pieces.

Inventory:

Scrolls
 b - a scroll of magic mapping {unknown}
Comestibles
 a - 4 rations


   Skills:
 - Level 3.0 Fighting
 + Level 3.6 Dodging
 * Level 2.3 Stealth
 * Level 3.5 Unarmed Combat


You had one spell level left.
You didn't know any spells.

Dungeon Overview and Level Annotations

Branches:
Dungeon (2/15)

Altars:


Innate Abilities, Weirdness & Mutations

You cannot wear armour.
You are incapable of wielding weapons or throwing items.
Your paws allow you to move quietly. (Stealth)
You have sharp claws.
You have razor-sharp teeth.
You have supernaturally acute eyesight. (SInv)
You are carnivorous and can eat meat at any time.
You cover ground quickly.
You are covered in fur. (AC +1)
You have a slow metabolism.
Your sharp claws are effective at attacking unaware monsters.


Message History

The adder closely misses you.
Unknown command.
You miss the adder.
The adder is almost dead.
The adder closely misses you.
Unknown command.
You barely miss the adder.
The adder is almost dead.
* * * LOW HITPOINT WARNING * * *
You feel sick. The adder closely misses you.
Unknown command.
You miss the adder. Your bite misses the adder.
The adder is almost dead.
The adder misses you.
Unknown command.
You scratch the adder.
You kill the adder!
Unknown command.
Unknown command.
Are you sure you want to abandon this character and quit the game? (Confirm with "yes".)

#.......$..# .....# .###.
#..........# ###..#.###.....
#..........# ....#........
##.....## #.#.##...<.#
#.......###...#........#
#............# #..#.....###.#
#().....#.######..#.........#
#.......#b#.............#####
##.....##.bb@.....#......#
##.....##<.b....#.#......#
#........b...####........#
#..........### #.#........#
#.......##.# #..#..........
#.....†###.####..##.........#
#.....# #......# #.........#
#..... ###..### ...........
#.... #.## .........#


There were no monsters in sight!

Vanquished Creatures
  An adder (D:2)
  A dart slug (D:1)
  A giant cockroach (D:1)
  2 hobgoblins (D:1)
  3 kobolds (D:1)
  A ball python (D:1)
  4 bats (D:1)
  A frilled lizard (D:1)
  3 goblins
17 creatures vanquished.

Notes
Turn   | Place    | Note
-------+----------+-------------------------------------------
     0 | D:1      | 4thArraOfDagon the Felid Chaos Knight began the quest for the Orb.
     0 | D:1      | Reached XP level 1. HP: 10/10 MP: 2/2
    46 | D:1      | Reached skill level 1 in Stealth
    54 | D:1      | XOM: butterfly on damage
    56 | D:1      | Reached XP level 2. HP: 6/14 MP: 3/3
   242 | D:1      | XOM: polymorph leopard gecko -> rat
   348 | D:2      | XOM: butterfly on damage
   354 | D:2      | HP: 1/21 [poisoned by an adder]
   358 | D:2      | Quit the game

Vault maps used:
D:1:      mrwooster_arrival_statue, columned_hall_lemuel
D:2:      lemuel_tele_altar

Skill      XL: |  1  2 |
---------------+-------+-----
Stealth        | 1 2 |  2.3
Fighting       | |  3.0
Dodging        | |  3.6
Unarmed Combat | |  3.5

Action                   || total
-------------------------++-------
Melee: Unarmed           ||    49
       Punch             ||     2
       Bite              ||     2
  Use: Potion            ||     2
 Stab: Sleeping          ||     3
  Eat: Chunk             ||     5
Armor: Skin              ||     5
Dodge: Dodged            ||    45

Table legend:
 A = Spawn XP
 B = Non-spawn XP
 C = Spawn XP percentage of total XP
 D = Spawn monster count
 E = Non-spawn monster count
 F = Spawn count percentage of total count
 G = Total turns spent on level
                    A         B        C        D         E        F      G
               +---------+---------+-------+---------+---------+-------+---------
         Total |       0 |      39 |   0.0 |       0 |      17 |   0.0 |   358
               +---------+---------+-------+---------+---------+-------+---------
           D:1 |       0 |      24 |   0.0 |       0 |      15 |   0.0 |   288
           D:2 |       0 |      15 |   0.0 |       0 |       2 |   0.0 |    70
               +---------+---------+-------+---------+---------+-------+---------
